 Dungeon Crawl Stone Soup version 0.24.0-37-gcf1ca852f1 (webtiles) character file.

Game seed: 3687786245917634595, levelgen mode: deterministic

2077 grindst0ne the Prestidigitator (level 9, 0/72 HPs)
             Began as a Human Artificer on Dec 5, 2019.
             Was an Initiate of Okawaru.
             Slain by a bullfrog (7 damage)
             ... on level 7 of the Dungeon.
             The game lasted 00:13:32 (6598 turns).

grindst0ne the Prestidigitator (Human Artificer)    Turns: 6598, Time: 00:13:32

Health: 0/72       AC:  8    Str: 17    XL:     9   Next: 51%
Magic:  15/15      EV: 14    Int: 11    God:    Okawaru [......]
Gold:   273        SH:  0    Dex: 13    Spells: 8/8 levels left

rFire    + . .     SeeInvis .   p - +2 short sword (vamp)
rCold    . . .     Gourm    .   (no shield)
rNeg     . . .     Faith    .   i - +3 leather armour {rF+}
rPois    .         Spirit   .   h - +0 helmet
rElec    .         Reflect  .   s - scarf {repulsion}
rCorr    .         Harm     .   E - +0 pair of gloves
MR       +....                  (no boots)
Stlth    +.........             (no amulet)
HPRegen  0.22/turn              b - ring of protection from magic
MPRegen  0.14/turn              (no ring)

@: repel missiles
A: no striking features
a: Renounce Religion


You were on level 7 of the Dungeon.
You worshipped Okawaru.
Okawaru was noncommittal.
You were not hungry.

You visited 2 branches of the dungeon, and saw 8 of its levels.

You collected 312 gold pieces.
You spent 39 gold pieces at shops.

Inventory:

Hand Weapons
 e - a +1 rapier of venom
 p - a +2 vampiric short sword (weapon)
 B - a +1 whip of electrocution
 D - a +2 hand axe of freezing
Missiles
 x - 22 poisoned darts (quivered)
Armour
 h - a +0 helmet (worn)
 i - a +3 leather armour of fire resistance (worn)
 s - a scarf of repulsion (worn)
 v - a +0 cloak
 E - a +0 pair of gloves (worn)
Jewellery
 b - a ring of protection from magic (left hand)
Wands
 d - a wand of enslavement (13)
 y - a wand of iceblast (5)
 G - a wand of digging (4)
 H - a wand of flame (17)
Scrolls
 c - a scroll of vulnerability {unknown}
 g - 8 scrolls of remove curse
 m - 2 scrolls of blinking
 n - a scroll of amnesia {unknown}
 o - 3 scrolls of teleportation
 q - 3 scrolls of enchant weapon {unknown}
 r - 3 scrolls of immolation
 w - a scroll of noise {unknown}
 z - a scroll of fear {unknown}
 I - 2 scrolls of torment {unknown}
Potions
 a - 4 potions of flight
 j - 3 potions of curing
 k - 2 potions of magic {unknown}
 l - a potion of invisibility {unknown}
 t - 2 potions of cancellation
 u - 2 potions of brilliance {unknown}
 A - a potion of lignification
 C - a potion of heal wounds
Comestibles
 f - 18 rations


   Skills:
 + Level 7.3 Fighting
 - Level 1.0 Short Blades
 + Level 0.8 Axes
 * Level 3.0 Armour
 - Level 5.0 Dodging
 - Level 1.0 Stealth
 + Level 8.0 Evocations


You had 8 spell levels left.
You didn't know any spells.
Your spell library contained the following spells:

 Spells                   Type           Power        Failure   Level  Hunger
 Beastly Appendage        Tmut           #.....       38%         1    ##.....
 Sticks to Snakes         Tmut           #.......     54%         2    ###....
 Spider Form              Tmut/Pois      #.........   77%         3    ####...
 Ice Form                 Ice/Tmut       #.......     99%         4    #####..
 Blade Hands              Tmut           #.........   100%        5    ######.


Dungeon Overview and Level Annotations

Branches:
Dungeon (7/15)             Temple (1/1) D:7

Altars:
Ashenzari
Dithmenos
Makhleb
Okawaru
Yredelemnul

Shops:
D:5 ?

Annotations:
D:2 1 runed translucent door


Message History

Evoke which item? (* to show all) (? for menu, Esc to quit)
Aiming: Enslavement
Press: ? - help, Shift-Dir - straight line, f - crocodile
Aim: a crocodile (severely wounded, chance to defeat MR: 69%)
The crocodile is charmed.
The bullfrog releases a deep croak.
The bullfrog misses you. The bullfrog barely misses you.
What are your orders? t - Shout!
Orders for allies: a - Attack new target. p - Attack previous target. r - Retreat! s - Stop attacking. g - Guard the area. f - Follow me.
Anything else - Cancel.
Gang up on whom?
Press: ? - help, Dir - move target cursor, f - bullfrog, p - crocodile
Aim: a bullfrog Attack!
Your crocodile barely misses the bullfrog.
The bullfrog hits you!
You die...

#.......# ..#.......#
..#.......# .. ..#.......#
... #.#.......########
...####.###.............
...$).....#.............
.......tF.#.............
..<...>@..#.............
..........#.............
##########...#####'#####+##
###.....####...##............
#............................
#............................
#............................
###...####...####.##....#####
#...####...####.##....##...


You could see a bullfrog and a friendly crocodile.

Vanquished Creatures
  Prince Ribbit (D:5)
  Grinder (D:5)
  Sigmund (D:2)
  Menkaure (D:4)
  Duvessa (D:5)
  A sky beast (D:6)
  An ice beast (D:6)
  2 ogres (D:4)
  2 bullfrogs (D:7)
  A scorpion (D:6)
  Dowan (D:5)
  2 crimson imps (D:7)
  3 hounds
  2 jellies
  4 orc wizards
  4 worker ants
  2 hound skeletons
  3 gnolls
  11 adders
  A howler monkey skeleton (D:4)
  3 shadow imps
  An ooze (D:3)
  An adder skeleton (D:4)
  5 worms
  4 dart slugs
  4 leopard geckos
  20 orcs
  A ball python (D:4)
  3 giant cockroaches
  7 hobgoblins
  12 jackals
  2 quokkas
  6 bats
  6 frilled lizards
  5 goblins
  2 jackal skeletons
  10 kobolds
  A quokka skeleton (D:4)
  4 rats
142 creatures vanquished.

Vanquished Creatures (others)
  An iguana (D:6)
1 creature vanquished.

Grand Total: 143 creatures vanquished

Notes
Turn   | Place    | Note
-------+----------+-------------------------------------------
     0 | D:1      | grindst0ne the Human Artificer began the quest for the Orb.
     0 | D:1      | Reached XP level 1. HP: 15/15 MP: 3/3
   190 | D:1      | Reached XP level 2. HP: 14/21 MP: 4/4
   638 | D:2      | Noticed Sigmund
   696 | D:2      | Killed Sigmund
   696 | D:2      | Reached skill level 4 in Evocations
   696 | D:2      | Reached XP level 3. HP: 28/28 MP: 4/6
   696 | D:2      | Reached XP level 4. HP: 34/34 MP: 4/7
   696 | D:2      | Reached XP level 5. HP: 39/39 MP: 4/8
   769 | D:2      | Found a runed translucent door.
   769 | D:2      | Noticed a human
   775 | D:2      | Found a basalt altar of Yredelemnul.
   784 | D:2      | Reached XP level 6. HP: 42/46 MP: 9/9
  2331 | D:4      | Reached skill level 5 in Dodging
  2430 | D:4      | Noticed Menkaure
  2578 | D:4      | Killed Menkaure
  2578 | D:4      | Reached XP level 7. HP: 28/53 MP: 10/10
  2884 | D:4      | Reached skill level 5 in Evocations
  3275 | D:4      | Reached XP level 8. HP: 61/61 MP: 12/12
  3500 | D:5      | Entered Level 5 of the Dungeon
  3509 | D:5      | Reached skill level 5 in Fighting
  3717 | D:4      | Reached skill level 6 in Evocations
  4085 | D:5      | Noticed Dowan
  4104 | D:5      | Killed Dowan
  4109 | D:5      | Noticed Duvessa
  4111 | D:5      | Noticed Grinder
  4134 | D:5      | Killed Duvessa
  4142 | D:5      | Killed Grinder
  4142 | D:5      | Reached skill level 7 in Evocations
  4671 | D:5      | Noticed Prince Ribbit
  4676 | D:5      | Killed Prince Ribbit
  4676 | D:5      | Reached XP level 9. HP: 64/71 MP: 14/14
  4717 | D:5      | Found a burning altar of Makhleb.
  4812 | D:5      | Found Afeunysch's Magic Scroll Shop.
  4820 | D:5      | Bought a scroll of teleportation for 39 gold pieces
  5566 | D:6      | Reached skill level 1 in Armour
  6058 | D:7      | Found a staircase to the Ecumenical Temple.
  6145 | Temple   | Entered the Ecumenical Temple
  6155 | Temple   | Became a worshipper of Warmaster Okawaru
  6498 | D:7      | Reached skill level 8 in Evocations
  6598 | D:7      | Slain by a bullfrog

Levels and vault maps discovered:
D:1:      dpeg_arrival_long_road, layout_rooms, item_on_display_b
D:2:      layout_basic, dk_yredelemnul_ordeal, uniq_sigmund
D:3:      minmay_inner_zag, layout_loops_ring, first_ration
D:4:      layout_cave_pools, minmay_door_square, uniq_menkaure
D:5:      layout_basic, lemuel_crystal_altar, serial_shops, nicolae_shop_trees,
          uniq_duvessa, uniq_prince_ribbit1, uniq_grinder
D:6:      layout_cave_pools
D:7:      layout_gridville, minmay_temple_entry_statues_fountains,
          minmay_strange_pillars
Temple:   regret_index_temple_sigil_plot

Skill      XL: |  1  2  3  4  5  6  7  8  9 |
---------------+----------------------------+-----
Fighting       | 2 3 4 6 7 |  7.3
Dodging        | 4 5 |  5.0
Evocations     | 4 5 7 8 |  8.0
Armour         | 3 |  3.0
Short Blades   | |  1.0
Axes           | |  0.8
Stealth        | |  1.0

Action                   |  1- 3 |  4- 6 |  7- 9 || total
-------------------------+-------+-------+-------++-------
Melee: Short sword       |    50 |   226 |   542 ||   818
Throw: Dart              |       |       |     2 ||     2
Evoke: Wand              |     6 |     5 |    25 ||    36
  Use: Scroll            |       |     2 |     6 ||     8
       Potion            |       |       |     3 ||     3
 Stab: Paralysed         |       |       |    24 ||    24
  Eat: Chunk             |       |     4 |    12 ||    16
       Ration            |       |     1 |       ||     1
Armor: Leather armour    |    10 |     8 |    89 ||   107
       Scale mail        |       |    81 |   127 ||   208
Dodge: Dodged            |    28 |   155 |   380 ||   563
